 Dungeon Crawl Stone Soup version 0.21-a0-274-gc1afaeb (webtiles) character file.

123 Lavandula the Chopper (level 5, 0/40 (41) HPs)
             Began as a Ghoul Warper on Sept 18, 2017.
             Slain by an orc priest
             ... wielding a cursed -1 flail
              (10 damage)
             ... on level 4 of the Dungeon.
             The game lasted 00:05:14 (1159 turns).

Lavandula the Chopper (Ghoul Warper)                Turns: 1159, Time: 00:05:15

HP:   0/40 (41)     AC:  3    Str: 15    XL:     5   Next: 7%
MP:   1/6           EV: 11    Int:  8    God:
Gold: 25            SH:  0    Dex:  9    Spells: 3/7 levels left

rFire    . . .     SeeInvis .   a - +0 hand axe
rCold    + . .     Gourm    .   (no shield)
rNeg     + + +     Faith    .   b - +0 leather armour
rPois    ∞         Spirit   .   (no helmet)
rElec    .         Reflect  .   (no cloak)
rCorr    .         Harm     .   (no gloves)
MR       .....                  (no boots)
Stlth    ++........             (no amulet)
HPRegen  0.00/turn              (no ring)
MPRegen  0.10/turn              (no ring)

@: shrouded (expiring), rotting
A: rotting body, claws 1, carnivore 3, cold resistance 1, negative energy
resistance 3, inhibited regeneration, torment resistance, unbreathing
a: no special abilities


You were on level 4 of the Dungeon.
You were not hungry.

You visited 1 branch of the dungeon, and saw 5 of its levels.
You also visited: Sewer.

You collected 25 gold pieces.

Inventory:

Hand Weapons
 a - a +0 hand axe (weapon)
Missiles
 e - 4 tomahawks of dispersal (quivered)
 h - 14 javelins
 k - 4 tomahawks
Armour
 b - a +0 leather armour (worn)
 r - a +0 ring mail
Scrolls
 d - a scroll of random uselessness {unknown}
 j - 2 scrolls of fear {unknown}
 o - 2 scrolls of enchant weapon {unknown}
 q - 2 scrolls of teleportation {unknown}
 s - a scroll of remove curse {unknown}
 u - 3 scrolls of fog {unknown}
Potions
 i - a potion of curing {unknown}
 l - a potion of ambrosia {unknown}
 m - 2 potions of heal wounds {unknown}
 p - a potion of flight {unknown}
 t - a potion of might {unknown}
Books
 c - a book of Spatial Translocations

   Spells                             Type                      Level
   a - Blink                          Translocation                2
   b - Shroud of Golubria             Charms/Translocation         2
   c - Lesser Beckoning               Translocation                3
   d - Gell's Gravitas                Translocation                3
   e - Teleport Other                 Translocation                3
   f - Passage of Golubria            Translocation                4
Comestibles
 f - a meat ration
 g - 3 royal jellies


   Skills:
 - Level 2.1 Fighting
 + Level 3.6 Axes
 - Level 0.8 Throwing
 - Level 0.8 Armour
 - Level 1.8 Dodging
 - Level 3.1 Stealth
 - Level 1.8 Spellcasting
 - Level 2.6 Translocations


You had 3 spell levels left.
You knew the following spells:

 Your Spells              Type           Power        Failure   Level  Hunger
a - Blink                 Tloc           N/A          22%         2    ###....
b - Shroud of Golubria    Chrm/Tloc      #.........   36%         2    ###....


Dungeon Overview and Level Annotations

Branches:
Dungeon (5/15)
 Temple: D:4-7

Altars:
Xom

Annotations:
D:4 Ijyb


Innate Abilities, Weirdness & Mutations

Your body is rotting away.
You thrive on raw meat.
You are immune to poison.
You have sharp fingernails.
You are carnivorous and can eat meat at any time.
Your flesh is cold resistant. (rC+)
You are immune to negative energy. (rN+++)
You do not regenerate when monsters are visible.
You are immune to unholy pain and torment.
You can survive without breathing.


Message History

The orc is almost dead.
You slash the orc!
You kill the orc!
Your shroud begins to fray at the edges.
You hit the orc.
The orc is severely wounded.
The orc barely misses you.
You barely miss the orc.
The orc is severely wounded.
The orc priest mumbles some strange prayers to Beogh against you.
Beogh smites you! The orc hits you with a club.
* * * LOW HITPOINT WARNING * * *
You barely miss the orc. You hit the orc but do no damage.
The orc priest looks satisfied for a moment.
The orc hits you but does no damage.
You hit the orc priest but do no damage.
The orc priest is lightly wounded.
You completely miss the orc. You barely miss the orc.
The orc hits you but does no damage. The orc priest hits you with a flail!
You die...

#........#
#....>...#
#........# #
##.......# ##.
#.......# #...
#..##...# #....
#..##...##
##....#o.......#
#.....o@.......#
#....##o.##....#
#.. #..##....# #
+...#....#
#..##...##
#..##...#
#........ ....
#..#


You could see an orc priest and 2 orcs.

Vanquished Creatures
  A bullfrog skeleton (D:4)
  5 adders
  A worm (Sewer)
  5 dart slugs
  A leopard gecko (D:3)
  4 orcs
  3 giant cockroaches
  A goblin (D:2)
  4 hobgoblins
  A kobold (D:1)
  2 quokkas (D:3)
  3 ball pythons
  A bat (D:1)
  A frilled lizard (D:1)
  3 rats
36 creatures vanquished.

Notes
Turn   | Place    | Note
-------+----------+-------------------------------------------
     0 | D:1      | Lavandula the Ghoul Warper began the quest for the Orb.
     0 | D:1      | Reached XP level 1. HP: 17/17 MP: 2/2
   205 | D:1      | Reached XP level 2. HP: 23/24 MP: 3/3
   397 | D:2      | Found a shimmering altar of Xom.
   424 | D:2      | Reached XP level 3. HP: 24/29 MP: 4/4
   436 | D:2      | Learned a level 2 spell: Blink
   439 | D:2      | Learned a level 2 spell: Shroud of Golubria
   597 | D:3      | Found a glowing drain.
   609 | Sewer    | Entered a sewer
   630 | Sewer    | Reached skill level 1 in Stealth
   630 | Sewer    | Reached XP level 4. HP: 36/36 MP: 2/5
   745 | Sewer    | Noticed a big kobold
   847 | D:4      | Noticed Ijyb
   854 | D:5      | Entered Level 5 of the Dungeon
  1141 | D:4      | Reached XP level 5. HP: 24/40 MP: 1/6
  1159 | D:4      | Slain by an orc priest

Vault maps used:
D:1:      evilmike_arrival_crescent
D:2:      xom_teletrap_fun
D:3:      portal_sewer_entry_d, uniq_crazy_yiuf_cottage
D:4:      yredelemnul_altar_generic, lemuel_crystal_altar,
          minmay_temple_entry_trees, first_bread, grunt_decor_one_mirror,
          uniq_eustachio, uniq_ijyb
D:5:      serial_shops, shop, serial_bayou, serial_bayou_shore_a,
          serial_bayou_crossing, serial_bayou_lagoon_a, serial_bayou_lagoon_b,
          minmay_fountain_box, hangedman_decor_opposing
Sewer:    sewer_co_tree

Skill      XL: |  1  2  3  4 |
---------------+-------------+-----
Axes           | 2 3 |  3.6
Stealth        | 1 3 |  3.1
Fighting       | |  2.1
Throwing       | |  0.8
Armour         | |  0.8
Dodging        | |  1.8
Spellcasting   | |  1.8
Translocations | |  2.6

Action                   |  1- 3 |  4- 6 || total
-------------------------+-------+-------++-------
Melee: Hand axe          |    97 |    58 ||   155
Throw: Tomahawk          |       |     1 ||     1
 Cast: Shroud of Golubri |     3 |     3 ||     6
       Blink             |       |     2 ||     2
  Use: Scroll            |       |     1 ||     1
  Eat: Chunk             |    10 |     9 ||    19
Armor: Leather armour    |    38 |    10 ||    48
Dodge: Dodged            |    47 |    37 ||    84

Table legend:
 A = Spawn XP
 B = Non-spawn XP
 C = Spawn XP percentage of total XP
 D = Spawn monster count
 E = Non-spawn monster count
 F = Spawn count percentage of total count
 G = Total turns spent on level
                    A         B        C        D         E        F      G
               +---------+---------+-------+---------+---------+-------+---------
         Total |       0 |     176 |   0.0 |       0 |      36 |   0.0 |  1159
               +---------+---------+-------+---------+---------+-------+---------
           D:1 |       0 |      18 |   0.0 |       0 |       9 |   0.0 |   267
           D:2 |       0 |      17 |   0.0 |       0 |       6 |   0.0 |   168
           D:3 |       0 |      65 |   0.0 |       0 |      14 |   0.0 |   238
           D:4 |       0 |      42 |   0.0 |       0 |       2 |   0.0 |    39
         Sewer |       0 |      34 |   0.0 |       0 |       5 |   0.0 |   174
               +---------+---------+-------+---------+---------+-------+---------
